 Dungeon Crawl Stone Soup version 0.20.0-8-g6b59dc7 (webtiles) character file.

160 stringdemon the Insei (level 5, 0/25 HPs)
             Began as a Vine Stalker Transmuter on May 30, 2017.
             Splashed by a jelly's acid (3 damage)
             ... on level 2 of the Dungeon.
             The game lasted 00:06:34 (1520 turns).

stringdemon the Insei (Vine Stalker Transmuter)     Turns: 1520, Time: 00:06:35

Health: 0/25       AC: -6    Str: 13    XL:     5   Next: 41%
Magic:  0/10       EV: 19    Int: 19    God:
Gold:   40         SH:  0    Dex: 19    Spells: 3/9 levels left

rFire    . . .     SeeInvis .     - Unarmed
rCold    . . .     Gourm    .   (shield currently unavailable)
rNeg     . . .     Faith    .   (armour currently unavailable)
rPois    x         Spirit   +   (helmet currently unavailable)
rElec    .         Reflect  .   (cloak currently unavailable)
rCorr    .         Harm     .   (gloves currently unavailable)
MR       .....                  (boots currently unavailable)
Stlth    ++........             (no amulet)
Regen    0.5/turn               (no ring)
MPRegen  0.2/turn               (no ring)

@: brilliant, spider-form (expiring), corroded, very slightly contaminated
A: regeneration 1, magic shield, no potion heal 3, rot immunity
a: End Transformation


You were on level 2 of the Dungeon.
You were not hungry.
You were a venomous arachnid creature.
You visited 1 branch of the dungeon, and saw 2 of its levels.

You collected 40 gold pieces.

Inventory:

Missiles
 a - 33 arrows
Armour
 b - a +0 robe (melded)
 e - a +0 cloak (melded)
Scrolls
 j - a scroll of random uselessness {unknown}
 l - a scroll of teleportation {unknown}
 m - a scroll of identify
 o - a scroll of enchant armour {unknown}
Books
 c - a book of Changes

   Spells                             Type                      Level
   a - Beastly Appendage              Transmutation                1
   b - Sticks to Snakes               Transmutation                2
   c - Spider Form                    Transmutation/Poison         3
   d - Ice Form                       Ice/Transmutation            4
   e - Blade Hands                    Transmutation                5
Comestibles
 d - 2 bread rations
 f - a royal jelly
 g - 3 chunks of flesh
 n - a meat ration


   Skills:
 * Level 1.6 Fighting
 + Level 1.8 Dodging
 * Level 5.0 Unarmed Combat
 + Level 2.7 Spellcasting
 + Level 2.5 Transmutations


You had 3 spell levels left.
You knew the following spells:

 Your Spells              Type           Power        Failure   Level  Hunger
a - Beastly Appendage     Tmut           ###...       1%          1    None
b - Spider Form           Tmut/Pois      ###.......   7%          3    ###....
c - Sticks to Snakes      Tmut           ###.....     2%          2    ##.....


Dungeon Overview and Level Annotations

Branches:
Dungeon (2/15)

Altars:


Innate Abilities, Weirdness & Mutations

((You have extremely sharp teeth.))
Your natural rate of healing is unusually fast.
When hurt, damage is shared between your health and your magic reserves.
((Your bite disrupts and absorbs the magic of your enemies.))
Potions cannot restore your health.
You are immune to rotting.


Message History

You barely miss the jelly.
The jelly is moderately wounded.
You completely miss the jelly.
The jelly is moderately wounded.
Your transformation is almost over.
The jelly barely misses you.
You hit the jelly.
Your front legs burn!
The jelly is severely wounded.
The jelly closely misses you.
You hit the jelly but do no damage. The acid corrodes you!
Your front legs burn!
* * * LOW HITPOINT WARNING * * *
The jelly is severely wounded.
The jelly closely misses you.
You hit the jelly.
Your front legs burn!
* * * LOW HITPOINT WARNING * * *
The jelly is almost dead.
The jelly misses you.
You hit the jelly but do no damage.
Your front legs burn!
You die...

.............###.....##
#...#
....#.####)..##.......#
#...# #####.#
#...##.......#######..##
......#
#...##.......##......##
.######
###.##.......####.####
.## ######....# #.#
..### ##..'....# ##.#
....# #(######## #..#
.#..# ##(sJJJ.## ####
.#..##### ########'##
........# #.P...P...#
##..###.# #.....PJP.#
##..# #.# #.P.P.P...#
....# #.# #÷..÷÷....#
#######.# #.........# #
#..# #)..P....÷# ###
#.## ###########


You could see a jelly and 2 oozes.

Vanquished Creatures
  A jelly (D:2)
  Robin (D:2)
  3 adders (D:2)
  7 oozes (D:2)
  2 dart slugs
  A leopard gecko (D:2)
  A bat (D:2)
  A giant cockroach (D:2)
  13 goblins
  6 hobgoblins (D:2)
  A quokka (D:2)
  8 frilled lizards
  14 kobolds
  4 rats
63 creatures vanquished.

Vanquished Creatures (collateral kills)
  A goblin (D:2)
1 creature vanquished.

Vanquished Creatures (others)
  8 toadstools (D:2)
8 creatures vanquished.

Grand Total: 72 creatures vanquished

Notes
Turn   | Place    | Note
-------+----------+-------------------------------------------
     0 | D:1      | stringdemon the Vine Stalker Transmuter began the quest for the Orb.
     0 | D:1      | Reached XP level 1. HP: 9/9 MP: 4/4
    68 | D:1      | Reached skill level 1 in Fighting
   239 | D:1      | Reached XP level 2. HP: 14/14 MP: 4/6
   590 | D:2      | Noticed Robin
   657 | D:2      | Reached XP level 3. HP: 8/18 MP: 2/7
   828 | D:1      | Learned a level 3 spell: Spider Form
   840 | D:2      | Killed Robin
   942 | D:2      | Reached skill level 4 in Unarmed Combat
  1069 | D:2      | Gained mutation: Your natural rate of healing is unusually fast. [Vine Stalker growth]
  1069 | D:2      | Reached XP level 4. HP: 20/22 MP: 4/8
  1092 | D:2      | Learned a level 2 spell: Sticks to Snakes
  1463 | D:2      | Reached XP level 5. HP: 21/25 MP: 3/9
  1494 | D:2      | Reached skill level 5 in Unarmed Combat
  1520 | D:2      | Splashed by a jelly's acid

Skill      XL: |  1  2  3  4  5 |
---------------+----------------+-----
Fighting       | 1 |  1.6
Unarmed Combat | 4 5 |  5.0
Dodging        | |  1.8
Spellcasting   | |  2.7
Transmutations | |  2.5

Action                   |  1- 3 |  4- 6 || total
-------------------------+-------+-------++-------
Melee: Unarmed           |    96 |    68 ||   164
       Bite              |     7 |     6 ||    13
       Headbutt          |     3 |     1 ||     4
       Kick              |     5 |     1 ||     6
Throw: Stone             |     8 |       ||     8
 Cast: Beastly Appendage |     8 |     2 ||    10
       Spider Form       |     2 |     5 ||     7
       Sticks to Snakes  |       |     1 ||     1
  Use: Scroll            |     1 |       ||     1
       Potion            |       |     3 ||     3
 Stab: Sleeping          |     1 |     1 ||     2
  Eat: Chunk             |     1 |     2 ||     3
Armor: Robe              |     9 |     5 ||    14
Dodge: Dodged            |    44 |    56 ||   100
